 Dungeon Crawl Stone Soup version 0.26-a0-259-g1effd001a9 (webtiles) character file.

Game seed: 2998177441012524399

170 tilp the Chiller (level 5, -3/29 HPs)
             Began as a Deep Elf Ice Elementalist on July 24, 2020.
             Slain by a mummy (15 damage)
             ... in an ossuary.
             The game lasted 00:08:34 (3866 turns).

tilp the Chiller (Deep Elf Ice Elementalist)        Turns: 3866, Time: 00:08:35

Health: -3/29      AC:  2    Str:  5    XL:     5   Next: 26%
Magic:  11/11      EV: 14    Int: 21    God:
Gold:   192        SH:  0    Dex: 21    Spells: 3/10 levels left

rFire    . . .     SeeInvis .   a - +0 dagger
rCold    . . .     Faith    .   (no shield)
rNeg     . . .     Spirit   .   j - +0 robe
rPois    .         Reflect  .   (no helmet)
rElec    .         Harm     .   (no cloak)
rCorr    .                      (no gloves)
MR       .....                  (no boots)
Stlth    +++.......             (no amulet)
HPRegen  0.09/turn              k - +6 ring of dexterity
MPRegen  0.12/turn              (no ring)

@: about to teleport
A: no striking features
a: no special abilities


You were in an ossuary.
You were not hungry.

You visited 1 branch of the dungeon, and saw 5 of its levels.
You also visited: Ossuary.

You collected 192 gold pieces.

Inventory:

Hand Weapons
 a - a +0 dagger (weapon)
 D - a +0 war axe
Missiles
 f - 186 stones (quivered)
 o - 5 javelins
 s - 17 sling bullets
 v - 7 boomerangs
Armour
 j - a +0 robe (worn)
Magical Staves
 C - an uncursed staff of wizardry {unknown}
Jewellery
 k - a +6 ring of dexterity (left hand)
 n - an uncursed ring of flight
 t - an uncursed amulet of faith
Wands
 B - a wand of acid (2)
Scrolls
 d - a scroll of summoning {unknown}
 e - a scroll of noise {unknown}
 i - a scroll of teleportation
 l - 3 scrolls of identify
 m - a scroll of fog {unknown}
 u - a scroll of immolation {unknown}
 y - a scroll of blinking {unknown}
 E - a scroll of magic mapping {unknown}
Potions
 b - 2 potions of brilliance
 g - 3 potions of curing
 h - a potion of mutation
 p - 3 potions of invisibility
 q - 2 potions of might {unknown}
 r - a potion of magic
 w - a potion of lignification
 x - 2 potions of degeneration {unknown}
 z - a potion of flight
 A - a potion of stabbing
Comestibles
 c - 19 rations


   Skills:
 + Level 1.4 Fighting
 + Level 3.4 Dodging
 + Level 3.6 Stealth
 - Level 3.0 Spellcasting
 - Level 6.0 Ice Magic


You had 3 spell levels left.
You knew the following spells:

 Your Spells              Type           Power        Failure   Level
a - Freeze                Ice            ####         1%          1
b - Frozen Ramparts       Ice            ####..       3%          3
c - Ozocubu's Armour      Chrm/Ice       ###.....     12%         3

Your spell library contained the following spells:

 Spells                   Type           Power        Failure   Level
 Hailstorm                Conj/Ice       ###.....     36%         4
 Summon Ice Beast         Ice/Summ       ###.....     36%         4


Dungeon Overview and Level Annotations

Branches:
Dungeon (5/15)            Ossuary (1/1)
 Temple: D:4-7

Altars:
Fedhas
Kikubaaqudgha
Makhleb
Uskayaw


Message History

There is an open door here.
You see here 2 scrolls labeled ZUXZIM PYRCHUUMA.
You see here 2 scrolls of identify.
Press: ? - help, v - describe, . - travel
Here: a mummy An open door.
Evoke which item? (* to show all) (? for menu, Esc to quit)
Okay, then.
l - 3 scrolls of identify (gained 2)
The mummy hits you!
* * * LOW HITPOINT WARNING * * *
You see here a scroll of teleportation.
i - 2 scrolls of teleportation (gained 1)
As you read the scroll of teleportation, it crumbles to dust.
You feel strangely unstable. The mummy misses you.
You see here a scroll of identify.
The mummy barely misses you. The mummy hits you!
Ouch! That really hurt!
You die...

.................#
.................#
Z....Z....##.....#
..........##.....#
.................#
.................#
#####.........####
... .........MM.#
..∩ ........#.@#
#### ############


You could see 2 mummies.

Vanquished Creatures
  A worker ant (D:4)
  A hound skeleton (D:4)
  3 adders
  A white imp (D:5)
  An ooze (D:2)
  5 worms
  4 dart slugs
  4 leopard geckos
  3 orcs
  2 ball pythons (D:3)
  6 bats
  7 giant cockroaches
  3 goblins
  5 hobgoblins
  7 jackals
  2 kobolds (D:1)
  A quokka (D:2)
  3 frilled lizards
  6 rats
65 creatures vanquished.

Notes
Turn   | Place    | Note
-------+----------+-------------------------------------------
     0 | D:1      | tilp the Deep Elf Ice Elementalist began the quest for the
                  | Orb.
     0 | D:1      | Reached XP level 1. HP: 10/10 MP: 6/6
   189 | D:1      | Reached XP level 2. HP: 12/15 MP: 4/8
   300 | D:1      | Reached skill level 5 in Ice Magic
  1083 | D:2      | Reached XP level 3. HP: 19/19 MP: 6/9
  1088 | D:2      | Learned a level 3 spell: Frozen Ramparts
  1092 | D:2      | Learned a level 3 spell: Ozocubu's Armour
  1137 | D:2      | Found a hide-covered altar of Uskayaw.
  1145 | D:2      | Found an ancient bone altar of Kikubaaqudgha.
  1152 | D:2      | Found a blossoming altar of Fedhas.
  1164 | D:2      | Found a burning altar of Makhleb.
  1470 | D:2      | Reached skill level 6 in Ice Magic
  1758 | D:2      | Reached XP level 4. HP: 23/24 MP: 8/10
  2785 | D:4      | Got a faintly glowing scale mail
  2786 | D:4      | Identified the +0 scale mail "Zup Geji" {-Cast *Corrode rN+
                  | Int+6} (You found it on level 4 of the Dungeon)
  2902 | D:4      | Reached skill level 1 in Fighting
  3121 | D:4      | Reached XP level 5. HP: 29/29 MP: 9/11
  3449 | D:4      | Noticed a phantom
  3766 | D:5      | Entered Level 5 of the Dungeon
  3776 | D:5      | Found a sand-covered staircase.
  3804 | Ossuary  | Entered an ossuary
  3866 | Ossuary  | Slain by a mummy

Illustrated notes

Levels and vault maps discovered:
D:1:      minmay_arrival_semitransparent, layout_loops_ring, minivault_5,
          grunt_decor_cap, chequers_serial_rivers_room_b
D:2:      layout_loops_ring, grunt_temple_overflow_cloverleaf,
          minmay_box_of_dots
D:3:      layout_basic
D:4:      layout_gridville, first_ration
D:5:      kennysheep_windowed_halls, layout_loops_ring,
          lightli_ossuary_entry_decrepit_ruins, hangedman_minor_gate_pass
Ossuary:  ossuary_minmay_tomb_2a

Skill      XL: |  1  2  3  4 |
---------------+-------------+-----
Ice Magic      | 5 6 |  6.0
Stealth        | 3 |  3.6
Dodging        | 3 |  3.4
Fighting       | 1 |  1.4
Spellcasting   | |  3.0

Action                   |  1- 3 |  4- 6 || total
-------------------------+-------+-------++-------
Melee: Dagger            |    14 |    30 ||    44
Throw: Stone             |     1 |       ||     1
 Cast: Freeze            |    41 |    28 ||    69
       Frozen Ramparts   |     4 |     5 ||     9
  Use: Scroll            |     4 |    11 ||    15
 Stab: Sleeping          |     7 |     5 ||    12
  Eat: Ration            |     1 |     2 ||     3
Armor: Robe              |     3 |     8 ||    11
Dodge: Dodged            |    29 |    47 ||    76

Table legend:
 A = Non-vault XP
 B = Vault XP
 C = Vault XP percentage of total XP
 D = Non-vault monster count
 E = Vault monster count
 F = Vault count percentage of total count
                 A         B        C        D         E       F
            +---------+---------+-------+---------+---------+-------
      Total |     224 |      20 |   8.2 |      62 |       3 |   4.6
            +---------+---------+-------+---------+---------+-------
        D:1 |      38 |       0 |   0.0 |      19 |       0 |   0.0
        D:2 |      47 |      20 |  29.9 |      18 |       3 |  14.3
        D:3 |      41 |       0 |   0.0 |      14 |       0 |   0.0
        D:4 |      74 |       0 |   0.0 |       9 |       0 |   0.0
        D:5 |      24 |       0 |   0.0 |       2 |       0 |   0.0
            +---------+---------+-------+---------+---------+-------
